AoeStats
← Eugenius

Black Forest

508515650Analyzed
4v4 RM · 9d ago on Sep 22, 2026· 41m 21s· 8 players
Game mode
Random Map
Map size
Large (8 player)
Population
200
Speed
Normal
Resources
Standard
Victory
Conquest
Starting age
Dark Age
Ending age
Imperial Age
RankedLock teamsTeams togetherTeam positionsShared explorationLock speedFull tech treeHidden civsTurbo modeCheats
Victory
Defeat
🇺🇸 Italians · United States
1799
+12
🇵🇪 Ethiopians · Peru
1702
+16
1681
+17
🇲🇽 Gurjaras · Mexico
1674
+17
🇮🇳 Varangians · India
1738
-17
🇪🇸 Saxons · Spain
1719
-16
🇮🇳 Danes · India
1705
-16
🇺🇸 Portuguese · United States
1637
-13
noobnoob
9:28 Loom
11:15 Feudal Age
15:13 Castle Age
13:12 Double-Bit Axe
13:15 Horse Collar
18:13 Bow Saw
22:44 Scale Barding Armor
23:58 Husbandry
24:08 Bloodlines
25:28 Chain Barding Armor
26:55 Forging
28:00 Fletching
29:35 Heavy Plow
31:27 Wheelbarrow
35:33 Imperial Age
33:41 Scale Mail Armor
34:16 Iron Casting
34:46 Gold Mining
35:30 Chain Mail Armor
36:36 Gold Shaft Mining
35:57 Onager
38:05 Hand Cart
38:30 Plate Mail Armor
38:35 Iron Casting
39:10 Elite Varangian Guard
39:41 Elite Varangian Guard
40:22 Squires
40:07 Arson
40:09 Gambesons
41:10 Devotion
Lathkore
0:43 Loom
11:58 Feudal Age
16:58 Castle Age
15:41 Double-Bit Axe
Pelopincho
6:53 Loom
11:15 Feudal Age
15:17 Castle Age
13:32 Double-Bit Axe
13:28 Horse Collar
15:09 Bloodlines
16:26 Wheelbarrow
16:29 Bow Saw
19:00 Scale Barding Armor
Morty
0:46 Loom
12:53 Feudal Age
14:02 Horse Collar
16:32 Castle Age
15:23 Double-Bit Axe
20:18 Bow Saw
20:08 Heavy Plow
22:06 Squires
24:22 Scale Mail Armor
27:24 Chain Mail Armor
28:53 Forging
32:37 Iron Casting
34:04 Wheelbarrow
33:17 Town Watch
33:23 Gold Mining
33:24 Stone Mining
34:27 Arson
35:25 Stone Shaft Mining
39:28 Imperial Age
38:28 Hand Cart
39:40 Gambesons
40:36 Conscription
39:38 Gothikon
39:47 Elite Varangian Guard
42:29 Blast Furnace
41:59 Plate Mail Armor
quesarito
0:28 Loom
10:26 Feudal Age
10:55 Double-Bit Axe
14:36 Fletching
17:50 Padded Archer Armor
18:31 Horse Collar
27:36 Castle Age
28:36 Bodkin Arrow
28:02 Crossbowman
28:53 Gold Mining
30:20 Ballistics
30:45 Wheelbarrow
30:23 Heavy Plow
31:15 Leather Archer Armor
32:41 Thumb Ring
35:26 Wheelbarrow
39:06 Imperial Age
38:02 Hand Cart
40:17 Imperial Age
§Y¶# Ä
1:38 Loom
10:09 Feudal Age
15:38 Castle Age
20:21 Husbandry
21:30 Bloodlines
31:32 Scale Barding Armor
33:50 Forging
36:10 Redemption
41:23 Scale Mail Armor
42:01 Iron Casting
Eugenius
9:00 Feudal Age
11:36 Fletching
18:04 Loom
31:04 Castle Age
CTM | חב"ד ליובאוויט
6:41 Loom
9:18 Feudal Age
13:49 Horse Collar
17:05 Castle Age
16:03 Scale Barding Armor
16:54 Bloodlines
17:06 Gold Mining
19:35 Light Cavalry
26:02 Wheelbarrow
25:39 Husbandry
26:03 Fervor
26:13 Sanctity
26:59 Fervor
27:27 Redemption
28:59 Fervor
30:08 Chain Barding Armor
36:28 Imperial Age
36:50 Cavalier
38:12 Plate Barding Armor
39:14 Heavy Plow
40:48 Heavy Scorpion
Connection lost

Rejoining the realm…

Still unreachable

The connection could not be restored.

Session expired

The server has moved on; the page needs a fresh start.